 Dungeon Crawl Stone Soup version 0.30-a0-557-ge2afbf3030 (webtiles) character file.

Game seed: 17043456791688761305

3718 Newt the Carver (level 9, -1/69 HPs)
             Began as a Demonspawn Gladiator on Dec 27, 2022.
             Was a Priest of Okawaru.
             Slain by a four-headed hydra (8 damage)
             ... on level 8 of the Dungeon.
             The game lasted 00:08:35 (7722 turns).

Newt the Carver (Demonspawn Gladiator)              Turns: 7722, Time: 00:08:37

Health: -1/69      AC: 16    Str: 17    XL:     9   Next: 92%
Magic:  9/9        EV: 13    Int:  9    God:    Okawaru [***...]
Gold:   225        SH:  0    Dex: 23    Spells: 8/8 levels left

rFire   + . .      SeeInvis .    b - +2 short sword (elec)
rCold   . . .      Faith    .    (no shield)
rNeg    . . .      Spirit   .    I - +5 leather armour "Uczootre" {Regen+}
rPois   .          Reflect  .    c - +1 helmet
rElec   .          Harm     .    h - +0 cloak
rCorr   .          Rampage  .    (no gloves)
Will    .....                    g - +0 pair of boots
Stlth   +++                      (no amulet)
HPRegen 1.11/turn                t - ring of protection from fire
MPRegen 0.11/turn                d - +6 ring of dexterity

@: no status effects
A: icy blue scales 2, demonic magic 1
a: Renounce Religion, Heroism


You were on level 8 of the Dungeon.
You worshipped Okawaru.
Okawaru was most pleased with you.
You visited 2 branches of the dungeon, and saw 9 of its levels.

You collected 329 gold pieces.
You spent 104 gold pieces at shops.

Inventory:

Hand Weapons
 a - the +3 long sword of the Orb {venom, rPois Int+4 SInv}
   (You found it on level 5 of the Dungeon)

   It poisons the flesh of those it strikes.
   Int:       It affects your intelligence (+4).
   rPois:     It protects you from poison.
   SInv:      It lets you see invisible.
 b - a +2 short sword of electrocution (weapon)
 i - a +4 dagger
 j - a +3 scimitar of flaming
 p - a +2 short sword of speed
 C - a +0 rapier
 L - a +1 dagger of electrocution
 M - a +2 heavy scimitar
Missiles
 f - 14 poisoned darts (quivered)
 m - 4 curare-tipped darts
 E - 5 datura-tipped darts
 J - 8 boomerangs
Armour
 c - a +1 helmet (worn)
 g - a +0 pair of boots (worn)
 h - a +0 cloak (worn)
 w - a +0 leather armour
 I - the +5 leather armour "Uczootre" (worn) {Regen+}
   (You found it on level 5 of the Dungeon)

   Regen:     It increases your rate of health regeneration.
Jewellery
 d - a +6 ring of dexterity (right hand)
 l - a ring of see invisible
 t - a ring of protection from fire (left hand)
 y - an amulet of magic regeneration
Wands
 A - a wand of digging (8)
 G - a wand of flame (15)
 N - a wand of acid (17)
Scrolls
 e - a scroll of identify
 k - 2 scrolls of fog
 r - 4 scrolls of teleportation
 B - a scroll of noise
 F - a scroll of torment {unknown}
Potions
 n - a potion of mutation
 o - 4 potions of lignification
 q - a potion of invisibility
 s - 3 potions of haste
 u - 3 potions of brilliance
 v - 2 potions of flight
 x - a potion of berserk rage {unknown}
 z - a potion of degeneration {unknown}
 D - 3 potions of might {unknown}
 H - a potion of curing {unknown}


   Skills:
 - Level 6.0 Fighting
 - Level 4.4(7.3) Short Blades
 + Level 9.0(9.5) Long Blades
 - Level 5.0 Throwing
 - Level 4.0 Armour
 - Level 2.6 Dodging
 - Level 3.0 Stealth


You had 8 spell levels left.
You didn't know any spells.
Your spell library contained the following spells:

 Spells                   Type           Power      Damage    Failure   Level
 Freeze                   Ice            0%         1d3       43%         1
 Blink                    Tloc           0%         N/A       58%         2
 Frozen Ramparts          Ice            0%         1d1       82%         3
 Gell's Gravitas          Tloc           0%         N/A       82%         3
 Hailstorm                Conj/Ice       0%         3d3       82%         3
 Inner Flame              Hex/Fire       0%         N/A       82%         3
 Teleport Other           Tloc           0%         N/A       82%         3
 Flame Wave               Conj/Fire      0%         2d4       99%         4
 Manifold Assault         Tloc           0%         N/A       99%         4
 Sticky Flame             Conj/Fire      0%         2d3       99%         4
 Dispersal                Tloc           0%         N/A       100%        6
 Storm Form               Tmut/Air       0%         N/A       100%        7


Dungeon Overview and Level Annotations

Branches:
Dungeon (8/15)             Temple (1/1) D:4
   Lair: D:8-11

Altars:
Fedhas
Hepliaklqana
Makhleb
Nemelex Xobeh
Okawaru
Qazlal
Ru
Sif Muna
Trog
Uskayaw
Vehumet
Xom
Yredelemnul

Shops:
D:4 *(   D:5 ((((


Innate Abilities, Weirdness & Mutations

You are mostly covered in icy blue scales. (AC +3)
Spells you cast may paralyse adjacent enemies.


Message History

The four-headed hydra is moderately wounded.
The four-headed hydra bites you but does no damage.
The four-headed hydra barely misses you.
The four-headed hydra bites you!
The four-headed hydra barely misses you.
You hit the four-headed hydra.
The four-headed hydra is moderately wounded.
You barely miss the four-headed hydra.
The four-headed hydra is moderately wounded.
The four-headed hydra bites you.
The four-headed hydra bites you but does no damage.
The four-headed hydra misses you. The four-headed hydra bites you.
You barely miss the four-headed hydra.
The four-headed hydra is moderately wounded.
The four-headed hydra misses you. x2
The four-headed hydra bites you but does no damage.
The four-headed hydra bites you.
You hit the four-headed hydra.
Lightning courses through the four-headed hydra!
The four-headed hydra is heavily wounded.
You barely miss the four-headed hydra.
The four-headed hydra is heavily wounded.
The four-headed hydra bites you! The four-headed hydra bites you.
The four-headed hydra barely misses you.
The four-headed hydra closely misses you.
You hit the four-headed hydra.
The four-headed hydra is heavily wounded.
The four-headed hydra barely misses you.
The four-headed hydra bites you!
* * * LOW HITPOINT WARNING * * *
The four-headed hydra bites you!
* * * LOW HITPOINT WARNING * * *
The four-headed hydra bites you.
* * * LOW HITPOINT WARNING * * *
You hit the four-headed hydra.
The four-headed hydra is severely wounded.
You puncture the four-headed hydra!
The four-headed hydra is severely wounded.
The four-headed hydra bites you!
You die...

.#
#...........'.+.<.........)
.#
#...........###............
.#
#########.............[....
.# #.#....#.........## ##
###########..#.......###
#()(.P~PP#...........#
#..#(~)~P##.##.......#
#+##P~~.~##.#####+####
#..#...D@#..###
#..'.♣.♣....'.# ######
#########..'..♣.~#..#.#
#........
........#..'.♣.♣.#.<#.#
#........
........#..#.....#..#.#
#........
........#############.#
#........ .............#
#.#.###........
...###########
#.............. ...#
#.#.###........


You could see a four-headed hydra.

Vanquished Creatures
  Erica (D:8)
  2 dream sheep (D:8)
  A wyvern (D:6)
  2 steam dragons
  2 ogres (D:5)
  A black bear (D:7)
  A centaur (D:8)
  6 kobold brigands
  A phantom (D:7)
  2 bullfrogs
  3 necrophages
  3 scorpions
  3 wights (D:7)
  4 jellies
  5 hounds
  2 gnoll boudas
  4 orc priests
  5 iguanas
  An orc wizard (D:6)
  10 gnolls
  5 adders
  2 white imps (D:6)
  2 ufetubi
  A worm (D:3)
  2 dart slugs
  22 orcs
  10 endoplasms
  3 giant cockroaches
  10 goblins
  8 hobgoblins
  6 jackals
  2 quokkas
  6 ball pythons
  2 bats
  5 frilled lizards
  16 kobolds
  7 rats
168 creatures vanquished.

Vanquished Creatures (others)
  2 plants
2 creatures vanquished.

Grand Total: 170 creatures vanquished

Notes
Turn   | Place    | Note
-------+----------+-------------------------------------------
     0 | D:1      | Newt the Demonspawn Gladiator began the quest for the Orb.
     0 | D:1      | Reached XP level 1. HP: 16/16 MP: 1/1
   184 | D:1      | Reached skill level 1 in Stealth
   363 | D:1      | Gained mutation: Spells you cast may paralyse adjacent
                  | enemies. [demonic ancestry]
   363 | D:1      | Reached XP level 2. HP: 17/22 MP: 2/2
   680 | D:1      | Gained mutation: You are partially covered in icy blue
                  | scales. (AC +2) [demonic ancestry]
   680 | D:1      | Reached XP level 3. HP: 27/27 MP: 3/3
  1056 | D:2      | Reached XP level 4. HP: 22/34 MP: 4/4
  1141 | D:2      | Found a faded altar of an unknown god.
  2543 | D:3      | Reached XP level 5. HP: 39/42 MP: 5/5
  2749 | D:4      | Found a staircase to the Ecumenical Temple.
  2770 | Temple   | Entered the Ecumenical Temple
  2984 | Temple   | Became a worshipper of Warmaster Okawaru
  3066 | D:4      | Reached skill level 1 in Armour
  3217 | D:4      | Found Lenugh's Assorted Antiques.
  3228 | D:4      | Bought 2 scrolls of identify for 104 gold pieces
  3523 | D:4      | Reached XP level 6. HP: 48/48 MP: 6/6
  3732 | D:4      | Found Ibronef's Firing Range.
  3796 | D:4      | Reached * piety under Okawaru
  4071 | D:5      | Entered Level 5 of the Dungeon
  4124 | D:5      | Reached XP level 7. HP: 37/54 MP: 7/7
  4288 | D:5      | Found Wous's Weapon Shop.
  4412 | D:5      | Identified the +3 long sword of the Orb {venom, rPois Int+4
                  | SInv}
  4468 | D:5      | Found Gal Ascha's Weapon Shoppe.
  4619 | D:5      | Reached skill level 1 in Long Blades
  4690 | D:5      | Found Heenyst's Antique Weapon Shoppe.
  4791 | D:5      | Identified the +5 leather armour "Uczootre" {Regen+}
  4821 | D:5      | Reached skill level 2 in Long Blades
  5074 | D:5      | Found Sessa's Weapon Boutique.
  5080 | D:5      | Reached skill level 3 in Long Blades
  5299 | D:6      | Reached ** piety under Okawaru
  5300 | D:6      | Reached skill level 4 in Long Blades
  5386 | D:6      | Gained mutation: You are mostly covered in icy blue scales.
                  | (AC +3) [demonic ancestry]
  5386 | D:6      | Reached XP level 8. HP: 58/60 MP: 8/8
  5633 | D:6      | Reached skill level 5 in Long Blades
  6200 | D:7      | Reached skill level 5 in Throwing
  6220 | D:7      | Reached *** piety under Okawaru
  6221 | D:7      | Reached skill level 5 in Fighting
  6287 | D:7      | Reached XP level 9. HP: 67/69 MP: 9/9
  7064 | D:8      | Reached skill level 6 in Long Blades
  7150 | D:8      | Reached skill level 7 in Long Blades
  7157 | D:8      | Received a gift from Okawaru
  7278 | D:8      | Noticed a three-headed hydra
  7291 | D:8      | HP: 3/69 [four-headed hydra (10)]
  7643 | D:8      | Noticed Erica
  7660 | D:8      | Killed Erica
  7661 | D:8      | Reached skill level 9 in Long Blades
  7722 | D:8      | Slain by a four-headed hydra

Illustrated notes

Levels and vault maps discovered:
D:1:      minmay_arrival_checkered_box, layout_loops_ring,
          grunt_decor_mini_mirrors
D:2:      layout_loops_corners, basic_ecumenical_altar, kennysheep_nondescript
D:3:      layout_basic
D:4:      layout_loops_ring, minmay_temple_entry_wispy, serial_shops,
          nicolae_shop_advertising_works [nicolae_subvault_shop_adworks],
          nicolae_shop_firing_range
D:5:      layout_loops_corners, serial_shops, nicolae_diamond_shop,
          nicolae_square_shop, nicolae_shop_bloodbath_and_beyond,
          nicolae_shop_behind_doors
D:6:      layout_basic
D:7:      layout_loops_cross, tso_oasis_becter
D:8:      layout_basic, small_chamber_with_monster, hangedman_ranch, uniq_erica
Temple:   dpeg_chambers_temple

Skill      XL: |  1  2  3  4  5  6  7  8  9 |
---------------+----------------------------+-----
Stealth        | 1 2 3 |  3.0
Fighting       | 4 6 |  6.0
Armour         | 3 4 |  4.0
Short Blades   | 3 4 |  4.4
Long Blades    | 4 5 9 |  9.0
Throwing       | 5 |  5.0
Dodging        | |  2.6

Action                   |  1- 3 |  4- 6 |  7- 9 || total
-------------------------+-------+-------+-------++-------
Melee: Dagger            |    66 |    56 |       ||   122
       Rapier            |     2 |       |       ||     2
       Short sword       |       |   171 |    23 ||   194
       Punch             |       |     1 |     4 ||     5
       Long sword        |       |       |   269 ||   269
Throw: Javelin           |       |     1 |     1 ||     2
       Dart              |       |       |     3 ||     3
       Throwing net      |       |       |     3 ||     3
       Boomerang         |       |       |     1 ||     1
  Use: Scroll            |     1 |     9 |     7 ||    17
       Potion            |       |     2 |     3 ||     5
 Stab: Sleeping          |     4 |    16 |     5 ||    25
       Distracted        |       |       |     1 ||     1
Armor: Leather armour    |    14 |    67 |   209 ||   290
Dodge: Dodged            |    22 |   102 |   278 ||   402

Table legend: (Time is in decaauts)
 A = Elapsed time spent in this place.
 B = Non-inter-level travel time spent in this place.
 C = Inter-level travel time spent in this place.
 D = Time resting spent in this place.
 E = Time spent auto-exploring this place.
 F = Levels seen in this place.
 G = Mean time per level.
                   A        B        C        D        E       F      G
               +--------+--------+--------+--------+--------+-----+--------+
         Total |   7650 |   7401 |    249 |   1334 |   4823 |   9 |  850.0 |
       Dungeon |   7422 |   7196 |    226 |   1334 |   4632 |   8 |  927.8 |
        Temple |    227 |    204 |     23 |      0 |    191 |   1 |  227.0 |
               +--------+--------+--------+--------+--------+-----+--------+

Top non-repeatable levels by time:
     D:5: 1211 daAuts
     D:4: 1067 daAuts
     D:1: 1031 daAuts
     D:7: 990 daAuts
     D:6: 871 daAuts
     D:2: 854 daAuts
     D:3: 815 daAuts
     D:8: 580 daAuts
  Temple: 227 daAuts
